 Dungeon Crawl Stone Soup version 0.27-a0-277-g024f7ef292 (webtiles) character file.

Game seed: 10051042057084288269

398 Glundar the Covered (level 6, -2/38 HPs)
             Began as a Gargoyle Fighter on Feb 5, 2021.
             Slain by Duvessa
             ... wielding a +2 short sword of holy wrath
              (5 damage)
             ... on level 4 of the Dungeon.
             The game lasted 00:05:36 (3091 turns).

Glundar the Covered (Gargoyle Fighter)              Turns: 3091, Time: 00:05:37

Health: -2/38      AC: 12    Str: 21    XL:     6   Next: 83%
Magic:  6/6        EV:  8    Int:  9    God:
Gold:   157        SH:  9    Dex:  9    Spells: 5/5 levels left

rFire    . . .     SeeInvis .   a - +0 war axe
rCold    . . .     Faith    .   c - +0 kite shield
rNeg     + + .     Spirit   .   b - +0 scale mail
rPois    ∞         Reflect  .   (no helmet)
rElec    +         Harm     .   p - +0 cloak
rCorr    .         Rampage  .   (no gloves)
Will     .....                  (no boots)
Stlth    ..........             (no amulet)
HPRegen  0.12/turn              s - ring of positive energy
MPRegen  0.10/turn              (no ring)

@: no status effects
A: negative energy resistance 1, electricity resistance, unbreathing,
petrification resistance, miasma immunity, AC +4
a: no special abilities


You were on level 4 of the Dungeon.
You visited 1 branch of the dungeon, and saw 4 of its levels.

You collected 157 gold pieces.

Inventory:

Hand Weapons
 a - a +0 war axe (weapon)
 q - a +0 flail
Missiles
 g - 21 poisoned darts (quivered)
 i - 66 sling bullets
 l - 4 atropa-tipped darts
Armour
 b - a +0 scale mail (worn)
 c - a +0 kite shield (worn)
 p - a +0 cloak (worn)
Jewellery
 s - a ring of positive energy (left hand)
Wands
 r - a wand of iceblast (10)
Scrolls
 e - a scroll of fog {unknown}
 h - a scroll of amnesia {unknown}
 k - 4 scrolls of identify {unknown}
 m - 2 scrolls of remove curse {unknown}
 o - 2 scrolls of fear {unknown}
Potions
 d - a potion of might
 f - a potion of resistance {unknown}
 j - a potion of cancellation {unknown}
 n - a potion of lignification {unknown}
 u - a potion of curing {unknown}


   Skills:
 + Level 4.1 Fighting
 + Level 4.4 Axes
 + Level 4.6 Armour
 + Level 1.1 Dodging
 + Level 0.5 Stealth
 + Level 4.5 Shields


You had 5 spell levels left.
You didn't know any spells.
Your spell library was empty.

Dungeon Overview and Level Annotations

Branches:
Dungeon (4/15)
 Temple: D:4-7

Altars:
Qazlal

Annotations:
D:4 Duvessa


Innate Abilities, Weirdness & Mutations

You are resistant to torment.
Your stone body is resilient. (AC +4)
You are immune to poison.
You resist negative energy. (rN+)
You are resistant to electric shocks. (rElec)
You can survive without breathing.
You are immune to petrification.
You are immune to miasma.


Message History

You completely miss Duvessa.
Duvessa is heavily wounded.
Duvessa barely misses you. You block Duvessa's attack.
You closely miss Duvessa.
Duvessa is heavily wounded.
Duvessa hits you but does no damage. You block Duvessa's attack.
You hit Duvessa but do no damage.
Duvessa is heavily wounded.
Duvessa hits you with a +2 short sword of holy wrath. x2
You hit Duvessa but do no damage.
Duvessa is heavily wounded.
Duvessa hits you but does no damage.
Duvessa hits you with a +2 short sword of holy wrath!
* * * LOW HITPOINT WARNING * * *
You block Duvessa's attack.
You hit Duvessa.
Duvessa is severely wounded.
You block Duvessa's attack.
Duvessa hits you with a +2 short sword of holy wrath.
You die...

#.....<..#
#..............########
.#.............
...?.........#
#...........#
#..........#
#.........# #........#
#@e....# ##....##
##..## ####### ##.##
#.....#####..##
#........##...##
#..............#
#..................
#............##....


You could see Duvessa (berserk).

Vanquished Creatures
  Grinder (D:4)
  Dowan (D:4)
  A hound (D:4)
  Natasha (twice) (D:3)
  4 adders
  A dart slug (D:1)
  2 leopard geckos
  An orc (D:3)
  2 giant cockroaches
  5 goblins
  2 hobgoblins (D:1)
  2 jackals (D:1)
  A quokka (D:3)
  8 bats
  5 frilled lizards
  7 kobolds
  7 rats
52 creatures vanquished.

Notes
Turn   | Place    | Note
-------+----------+-------------------------------------------
     0 | D:1      | Glundar the Gargoyle Fighter began the quest for the Orb.
     0 | D:1      | Reached XP level 1. HP: 14/14 MP: 1/1
   215 | D:1      | Reached XP level 2. HP: 19/19 MP: 2/2
   814 | D:1      | Reached XP level 3. HP: 23/23 MP: 3/3
  1370 | D:2      | Reached XP level 4. HP: 25/28 MP: 4/4
  1427 | D:2      | Found a stormy altar of Qazlal.
  1870 | D:3      | Noticed Natasha
  1886 | D:3      | Killed Natasha
  2532 | D:3      | Noticed Natasha
  2538 | D:3      | Killed Natasha
  2539 | D:3      | Reached XP level 5. HP: 28/33 MP: 5/5
  2772 | D:4      | Noticed Grinder
  2800 | D:4      | Paralysed by Grinder for 2 turns
  2803 | D:4      | Killed Grinder
  2804 | D:4      | Reached skill level 1 in Dodging
  2804 | D:4      | Reached XP level 6. HP: 16/38 MP: 6/6
  3072 | D:4      | Noticed Dowan
  3072 | D:4      | Noticed Duvessa
  3084 | D:4      | Killed Dowan
  3091 | D:4      | Slain by Duvessa

Illustrated notes

Levels and vault maps discovered:
D:1:      lightli_arrival_statue_moat, layout_loops_ring,
          chequers_serial_rivers_micro_d, chequers_serial_rivers_micro_d
D:2:      layout_basic, general_overflow_altar
D:3:      layout_loops_cross, kennysheep_decorative_pillar, uniq_natasha
D:4:      layout_cave_pods, serial_column_ruins, column_ruins_hut,
          column_ruins_grid_2, column_ruins_open_small, column_ruins_grid_1,
          uniq_ijyb, uniq_duvessa, uniq_grinder

Skill      XL: |  1  2  3  4  5 |
---------------+----------------+-----
Axes           | 2 3 4 |  4.4
Armour         | 4 |  4.6
Shields        | 4 |  4.5
Fighting       | 4 |  4.1
Dodging        | 1 |  1.1
Stealth        | |  0.5

Action                   |  1- 3 |  4- 6 || total
-------------------------+-------+-------++-------
Melee: War axe           |   145 |    91 ||   236
Armor: Scale mail        |   110 |    66 ||   176
Dodge: Dodged            |    64 |    34 ||    98
Block: Kite shield       |    87 |    56 ||   143

Table legend: (Time is in decaauts)
 A = Elapsed time spent in this place.
 B = Non-inter-level travel time spent in this place.
 C = Inter-level travel time spent in this place.
 D = Time resting spent in this place.
 E = Time spent auto-exploring this place.
 F = Levels seen in this place.
 G = Mean time per level.
                   A        B        C        D        E       F      G
               +--------+--------+--------+--------+--------+-----+--------+
         Total |   3244 |   3005 |    239 |    463 |   1940 |   4 |  811.0 |
       Dungeon |   3244 |   3005 |    239 |    463 |   1940 |   4 |  811.0 |
               +--------+--------+--------+--------+--------+-----+--------+

Top non-repeatable levels by time:
     D:1: 1209 daAuts
     D:3: 1022 daAuts
     D:2: 651 daAuts
     D:4: 360 daAuts
